 Dungeon Crawl Stone Soup version 0.24.0-13-gcf9b3192b9 (webtiles) character file.

Game seed: 2331267256226366490, levelgen mode: deterministic

130 Acheron the Grave Robber (level 4, -2/24 HPs)
             Began as a Deep Elf Necromancer on Nov 8, 2019.
             Killed from afar by Natasha (11 damage)
             ... with a magic dart
             ... on level 4 of the Dungeon.
             The game lasted 00:19:46 (2068 turns).

Acheron the Grave Robber (Deep Elf Necromancer)     Turns: 2068, Time: 00:19:47

Health: -2/24      AC:  3    Str:  6    XL:     4   Next: 90%
Magic:  11/12      EV: 13    Int: 20    God:
Gold:   84         SH:  0    Dex: 15    Spells: 9/11 levels left

rFire    . . .     SeeInvis .   x - +3 falchion (protect)
rCold    . . .     Gourm    .   (no shield)
rNeg     . . .     Faith    .   a - +0 robe
rPois    .         Spirit   .   (no helmet)
rElec    .         Reflect  .   B - scarf {cloud immunity}
rCorr    .         Harm     .   o - +0 pair of gloves
MR       .....                  (no boots)
Stlth    ++........             b - amulet of the acrobat
HPRegen  0.08/turn              (no ring)
MPRegen  0.13/turn              (no ring)

@: no status effects
A: no striking features
a: no special abilities


You were on level 4 of the Dungeon.
You were hungry.

You visited 1 branch of the dungeon, and saw 4 of its levels.

You collected 84 gold pieces.

Inventory:

Hand Weapons
 i - a +0 short sword
 k - a +0 dagger
 v - a +0 hand axe
 w - a +0 hunting sling
 x - a +3 falchion of protection (weapon)
 y - a +0 hunting sling
Missiles
 h - 23 stones (quivered)
 j - 38 sling bullets
 q - 11 poisoned darts
Armour
 a - a +0 robe (worn)
 o - a +0 pair of gloves (worn)
 B - a scarf of cloud immunity (worn)
Jewellery
 b - an amulet of the acrobat (around neck)
 e - a cursed ring of teleportation {unknown}
Scrolls
 d - 2 scrolls of teleportation
Potions
 f - a potion of mutation {unknown}
 g - a potion of degeneration {unknown}
 n - a potion of ambrosia {unknown}
 r - a potion of lignification {unknown}
 t - 2 potions of curing {unknown}
 A - a potion of brilliance {unknown}
Comestibles
 c - 3 rations


   Skills:
 * Level 0.9 Fighting
 * Level 0.8(1.0) Short Blades
 * Level 0.6(0.9) Long Blades
 * Level 1.0 Throwing
 * Level 3.2 Dodging
 * Level 3.1 Stealth
 * Level 4.4 Spellcasting
 * Level 5.4 Necromancy


You had 9 spell levels left.
You knew the following spells:

 Your Spells              Type           Power        Failure   Level  Hunger
a - Pain                  Necr           ####         1%          1    None
b - Animate Skeleton      Necr           N/A          1%          1    None

Your spell library contained the following spells:

 Spells                   Type           Power        Failure   Level  Hunger
 Vampiric Draining        Necr           ####......   4%          3    ###....
 Regeneration             Chrm/Necr      ###.......   12%         3    ###....
 Animate Dead             Necr           N/A          13%         4    ####...


Dungeon Overview and Level Annotations

Branches:
Dungeon (4/15)
 Temple: D:4-7

Altars:

Annotations:
D:1 exclusion: downstairs
D:2 Jessica
D:3 Terence
D:4 Natasha


Message History

Natasha completely misses you.
You riposte.
You hit Natasha.
Your weapon exudes an aura of protection.
Natasha is severely wounded.
You hit Natasha.
You kill Natasha!
Natasha screams in pain as she dies!
Your Throwing skill increases to level 1!
You start resting.
Magic restored.
You start resting.
Natasha, Servant of Life and Death comes into view.
Casting: Pain (safe; 1% risk of failure)
Confirm with . or Enter, or press ? or * to list all spells.
Aiming: Pain (safe; 1% risk of failure)
Press: ? - help, Shift-Dir - straight line, f - Natasha
Aim: Natasha (chance to defeat MR: 84%) Natasha writhes in agony.
Natasha stares at you and mumbles some strange words.
The magic dart hits you!
You die...

### #.###
##..###
##@..########.
#............
##...<.......
...........####
............#
####..h.....#
##....#..#
#...###.. ##..#
#.#


You could see Natasha.

Vanquished Creatures
  A hound (D:2)
  Natasha (D:4)
  A hound skeleton (D:3)
  An ooze (D:3)
  An adder skeleton (D:3)
  2 dart slugs
  3 leopard geckos
  An orc (D:3)
  3 giant cockroaches
  8 goblins
  3 hobgoblins
  10 kobolds
  2 ball pythons
  3 bats
  3 frilled lizards (D:2)
  8 rats
51 creatures vanquished.

Notes
Turn   | Place    | Note
-------+----------+-------------------------------------------
     0 | D:1      | Acheron the Deep Elf Necromancer began the quest for the
                  | Orb.
     0 | D:1      | Reached XP level 1. HP: 10/10 MP: 6/6
   231 | D:1      | Reached skill level 5 in Necromancy
   393 | D:1      | Reached XP level 2. HP: 14/15 MP: 5/8
   802 | D:1      | Learned a level 1 spell: Animate Skeleton
  1109 | D:2      | Reached XP level 3. HP: 20/20 MP: 8/10
  1267 | D:2      | Noticed a bullfrog
  1410 | D:2      | Reached XP level 4. HP: 23/24 MP: 9/12
  1416 | D:2      | Noticed Jessica
  1857 | D:3      | Noticed Terence
  2036 | D:4      | Noticed Natasha
  2047 | D:4      | Killed Natasha
  2047 | D:4      | Reached skill level 1 in Throwing
  2066 | D:4      | Noticed Natasha
  2068 | D:4      | Killed from afar by Natasha

Levels and vault maps discovered:
D:1:      minmay_arrival_stair_chambers, layout_loops_ring
D:2:      layout_rooms, minmay_divided_ellipse, uniq_jessica
D:3:      layout_basic, first_ration, chequers_hall_statues_wall_a, uniq_terence
D:4:      layout_layer_cave, uniq_natasha

Skill      XL: |  1  2  3  4 |
---------------+-------------+-----
Necromancy     | 5 |  5.4
Dodging        | 3 |  3.2
Spellcasting   | 4 |  4.4
Stealth        | 3 |  3.1
Throwing       | 1 |  1.0
Fighting       | |  0.9
Short Blades   | |  0.8
Long Blades    | |  0.6

Action                   |  1- 3 |  4- 6 || total
-------------------------+-------+-------++-------
Melee: Short sword       |    24 |       ||    24
       Club              |     1 |       ||     1
       Falchion          |       |    47 ||    47
 Cast: Pain              |    37 |    12 ||    49
  Use: Scroll            |       |     8 ||     8
 Stab: Sleeping          |     2 |     3 ||     5
  Eat: Chunk             |     1 |     2 ||     3
Armor: Robe              |     2 |    20 ||    22
Dodge: Dodged            |    20 |    51 ||    71
       Rpst.: Falchion   |       |    13 ||    13
